[Event "II Duchamp Open 2018-U2200"]
[Site "Rio de Janeiro"]
[Date "2018.11.16"]
[Round "1"]
[White "Rios Fo., Hilton Carlos Da Si"]
[Black "Dos Santos, Rodrigo Mello"]
[Result "1-0"]
[ECO "B14"]
[WhiteElo "2138"]
[BlackElo "1965"]
[Annotator "RC"]
[PlyCount "63"]
[EventDate "2018.11.14"]
[EventType "swiss"]
[EventCountry "BRA"]
[SourceTitle "playchess.com"]
[Source "ChessBase"]
[SourceQuality "1"]
[TimeControl "5400+30"]

1. d4 Nf6 2. c4 c5 3. e3 cxd4 4. exd4 d5 5. Nc3 g6 6. Bg5 dxc4 7. Bxc4 Bg7 8. Nf3 O-O 9. O-O Nbd7 10. Re1 Nb6 11. Bb3 Bg4 12. h3 Bf5 13. Qe2 h6 14. Bh4 g5 15. Bg3 e6 16. Rad1 Nbd5 17. Ne5 Rc8 18. Qf3 Re8 19. Nxd5 Nxd5 20. Nc4 Bf8 21. a3 a6 22. Be5 Bg6 23. Ne3 Nxe3 24. Rxe3 b5 25. d5 exd5 26. Rxd5 Qb6 27. Rd7 Be7 28. Bd4 Rc1+ 29. Kh2 Bd6+ 30. g3 Rxe3 31. Bxe3 Qc6 32. Bxf7+ {[%emt 0:02:35] Rc3} 1-0

[Event "II Duchamp Open 2018-U2200"]
[Site "Rio de Janeiro"]
[Date "2018.11.16"]
[Round "1"]
[White "Dos Santos, Vitor Eduardo Mello"]
[Black "Morais, Wagner Soares De"]
[Result "1-0"]
[ECO "B51"]
[WhiteElo "2054"]
[BlackElo "1826"]
[Annotator "NA RC"]
[PlyCount "89"]
[EventDate "2018.11.14"]
[EventType "swiss"]
[EventCountry "BRA"]
[SourceTitle "playchess.com"]
[Source "ChessBase"]
[SourceQuality "1"]
[TimeControl "5400+30"]

1. e4 c5 2. Nf3 d6 3. Bb5+ Nd7 4. d4 cxd4 5. Qxd4 e5 6. Qd3 h6 {[%emt 0:02:03] B51: Sicilian: Moscow Variation (3 Bb5+) without 3...Bd7} (6... a6 7. Bxd7+ Bxd7 8. c4 Rc8 9. a4 b5 10. axb5 axb5 11. b3 bxc4 12. bxc4 Be7 13. O-O Be6 14. Ra4 {½-½ (14) Gharamian,T (2614)-Solodovnichenko,Y (2531) Brest 2018}) 7. O-O Ngf6 8. c4 a6 9. Bxd7+ Bxd7 {[%emt 0:00:36] LiveBook: 60 Games} 10. Nc3 Be6 11. Ne1 $146 ({Predecessor:} 11. b3 Be7 12. Nh4 O-O 13. Nf5 Bxf5 14. exf5 b5 15. cxb5 axb5 16. Nxb5 {0-1 (43) Brankovic,D (2358)-Stankovic,M (2357) Vrnjacka Banja 2009}) 11... Qc7 12. b3 Be7 13. Nc2 a5 14. Ne3 Qc6 15. Kh1 O-O $16 16. f4 exf4 17. Ned5 Bxd5 18. Nxd5 Nxd5 19. exd5 Qd7 20. Bxf4 Rfc8 21. Qg3 Kf8 22. Rae1 Rd8 23. Re2 Ra6 24. Rfe1 Bf6 25. Qf3 g5 26. Bd2 Kg7 27. Bc3 Be5 28. Bxe5+ dxe5 29. Rxe5 Rf6 30. Qc3 b6 31. h3 Qd6 32. R5e3 Kg8 33. Rf3 Rf4 34. Qe3 Rxf3 35. Qxf3 Rc8 36. Qe4 Rb8 37. a4 Rf8 38. Re2 Qg3 39. Re3 Qd6 40. Qe5 Qa3 41. Kh2 Qb4 42. d6 Rd8 43. d7 Kh7 44. Qf6 Rxd7 45. Qf5+ 1-0

[Event "II Duchamp Open 2018-U2200"]
[Site "Rio de Janeiro"]
[Date "2018.11.17"]
[Round "2"]
[White "Lebredo Zaragoitia, Gerardo"]
[Black "Pimentel, Rafael Favarin G."]
[Result "1-0"]
[ECO "E61"]
[WhiteElo "2139"]
[BlackElo "1886"]
[Annotator "NA"]
[PlyCount "43"]
[EventDate "2018.11.14"]
[EventType "swiss"]
[EventCountry "BRA"]
[SourceTitle "playchess.com"]
[Source "ChessBase"]
[SourceQuality "1"]
[TimeControl "5400+30"]

1. d4 Nf6 2. c4 g6 3. Nc3 Bg7 4. Nf3 O-O 5. Bg5 d6 6. e3 h6 7. Bh4 c5 8. d5 Qa5 9. Nd2 g5 10. Bg3 Bf5 11. h4 Ne4 12. Ndxe4 Bxe4 13. Qd2 Bg6 14. hxg5 hxg5 15. Bd3 Nd7 16. Bxg6 fxg6 17. Ne4 Qxd2+ 18. Kxd2 Ne5 19. Bxe5 Bxe5 20. Rh6 Bxb2 21. Rah1 Bf6 22. Nxf6+ 1-0

[Event "II Duchamp Open 2018-U2200"]
[Site "Rio de Janeiro"]
[Date "2018.11.17"]
[Round "2"]
[White "Lopes Fo, Jorge Antonio Ferre"]
[Black "Peixoto, Rudson Marinho"]
[Result "1-0"]
[ECO "E06"]
[WhiteElo "2126"]
[BlackElo "2007"]
[Annotator "NA"]
[PlyCount "57"]
[EventDate "2018.11.14"]
[EventType "swiss"]
[EventCountry "BRA"]
[SourceTitle "playchess.com"]
[Source "ChessBase"]
[SourceQuality "1"]
[TimeControl "5400+30"]

1. d4 Nf6 2. c4 e6 3. g3 d5 4. Bg2 Be7 5. Nf3 c5 6. cxd5 Nxd5 7. O-O O-O 8. dxc5 Bxc5 9. a3 Nc6 10. Qc2 Qe7 11. e4 Nf6 12. e5 Nd7 13. Qe4 f6 14. exf6 Nxf6 15. Qc4 Kh8 16. Nc3 e5 17. Bg5 Be6 18. Qh4 h6 19. Ne4 Kg8 20. Bxf6 gxf6 21. Nxc5 Qxc5 22. Qxh6 Rf7 23. Qg6+ Kf8 24. Ng5 fxg5 25. Qxe6 Nd4 26. Qh6+ Rg7 27. Rae1 Kf7 28. b4 Qe7 29. Bd5+ 1-0

[Event "II Duchamp Open 2018-U2200"]
[Site "Rio de Janeiro"]
[Date "2018.11.17"]
[Round "2"]
[White "Dos Santos, Vitor Eduardo Mello"]
[Black "Rocha, Vitor Firmo De Souz"]
[Result "1/2-1/2"]
[ECO "A00"]
[WhiteElo "2054"]
[BlackElo "2174"]
[Annotator "NA"]
[PlyCount "60"]
[EventDate "2018.11.14"]
[EventType "swiss"]
[EventCountry "BRA"]
[SourceTitle "playchess.com"]
[Source "ChessBase"]
[SourceQuality "1"]
[TimeControl "5400+30"]

1. a3 d5 2. Nf3 Nf6 3. d4 e6 4. e3 Be7 5. c4 O-O 6. Nc3 Nbd7 7. Be2 c6 8. O-O Ne4 9. Nxe4 dxe4 10. Nd2 f5 11. b4 e5 12. Bb2 exd4 13. Bxd4 Bf6 14. Nb3 Qc7 15. Qc2 Ne5 16. Rac1 b6 17. Rfd1 Be6 18. Rd2 Rae8 19. Qc3 g5 20. Qc2 g4 21. Bxe5 Bxe5 22. g3 c5 23. Rdd1 h5 24. Nd2 Rf6 25. Nb1 h4 26. Kg2 Rh6 27. Rh1 h3+ 28. Kf1 Bf7 29. Nc3 cxb4 30. axb4 Bxc4 1/2-1/2

[Event "II Duchamp Open 2018-U2200"]
[Site "Rio de Janeiro"]
[Date "2018.11.17"]
[Round "2"]
[White "Nascimento, Pedro Henrique Alve"]
[Black "Morais, Wagner Soares De"]
[Result "1/2-1/2"]
[ECO "A46"]
[WhiteElo "2007"]
[BlackElo "1826"]
[Annotator "NA"]
[PlyCount "107"]
[EventDate "2018.11.14"]
[EventType "swiss"]
[EventCountry "BRA"]
[SourceTitle "playchess.com"]
[Source "ChessBase"]
[SourceQuality "1"]
[TimeControl "5400+30"]

1. d4 Nf6 2. Nf3 e6 3. Bg5 h6 4. Bh4 g5 5. Bg3 Nh5 6. e3 Nxg3 7. hxg3 Bg7 8. Bd3 b6 9. Qe2 Bb7 10. Nbd2 Qe7 11. c3 Nc6 12. e4 O-O-O 13. Ba6 d5 14. Bxb7+ Kxb7 15. O-O f5 16. e5 h5 17. a4 a6 18. b4 Nb8 19. c4 h4 20. gxh4 g4 21. Ng5 Rxh4 22. g3 Rh5 23. f4 gxf3 24. Ngxf3 Rdh8 25. Qg2 Bh6 26. Rae1 c6 27. b5 Qa3 28. bxc6+ Nxc6 29. Qf2 Nb4 30. Nb1 Qd3 31. Qe2 Qb3 32. Nbd2 Bxd2 33. Qxd2 Qxf3 34. Rxf3 Rh1+ 35. Kf2 R8h2+ 36. Ke3 Rxd2 37. Rxh1 Rd3+ 38. Ke2 Rxf3 39. Kxf3 dxc4 40. Rh7+ Kc6 41. Re7 c3 42. Rxe6+ Kd5 43. Rd6+ Kc4 44. Ke2 c2 45. Kd2 b5 46. Rd8 bxa4 47. e6 Kb3 48. Rc8 a3 49. e7 a2 50. e8=Q a1=Q 51. Qe3+ Ka4 52. Qe8+ Kb3 53. Qe3+ Ka4 54. Qe8+ 1/2-1/2

[Event "II Duchamp Open 2018-U2200"]
[Site "Rio de Janeiro"]
[Date "2018.11.17"]
[Round "2"]
[White "Dos Santos, Rodrigo Mello"]
[Black "Sampaio, Andre Luiz"]
[Result "1-0"]
[ECO "B07"]
[WhiteElo "1965"]
[BlackElo "1700"]
[Annotator "NA"]
[PlyCount "119"]
[EventDate "2018.11.14"]
[EventType "swiss"]
[EventCountry "BRA"]
[SourceTitle "playchess.com"]
[Source "ChessBase"]
[SourceQuality "1"]
[TimeControl "5400+30"]

1. e4 d6 2. d4 Nf6 3. Nc3 g6 4. Be3 a6 5. Qd2 Ng4 6. Bg5 h6 7. Bh4 Bg7 8. f3 Nf6 9. Nge2 c6 10. Bf2 Nbd7 11. g4 b5 12. h4 Nb6 13. Ng3 Qc7 14. Be2 e5 15. dxe5 dxe5 16. Bc5 Nbd7 17. Be3 Bb7 18. h5 g5 19. Nf5 Bf8 20. O-O-O O-O-O 21. Nd6+ Bxd6 22. Qxd6 Qxd6 23. Rxd6 Ne8 24. Rd2 Nc7 25. Rhd1 Ne6 26. Bf1 Kc7 27. Ne2 Nb6 28. Ng3 Rxd2 29. Rxd2 c5 30. c3 Bc8 31. Nf5 Nf4 32. Bxc5 Bxf5 33. exf5 Re8 34. Bxb6+ Kxb6 35. Rd6+ Kb7 36. Rxh6 e4 37. fxe4 Rxe4 38. Kd2 Re7 39. Rh8 Rd7+ 40. Kc2 Re7 41. Rd8 Re1 42. Rd1 Re3 43. h6 Re8 44. h7 Rh8 45. Rd7+ Kc6 46. Rxf7 Kd6 47. a4 bxa4 48. Bxa6 Nd5 49. Kd2 Kc5 50. Bd3 Nf4 51. Kc2 Rd8 52. Rd7 Rxd7 53. h8=Q Rxd3 54. Qc8+ Kb6 55. Qb8+ Kc5 56. Qxf4 Rxc3+ 57. Kxc3 gxf4 58. Kd3 Kd5 59. Ke2 Ke4 60. f6 1-0

[Event "II Duchamp Open 2018-U2200"]
[Site "Rio de Janeiro"]
[Date "2018.11.17"]
[Round "2"]
[White "Bomfim, Carlos B Campos Roc"]
[Black "Rios Fo., Hilton Carlos Da Si"]
[Result "0-1"]
[ECO "A05"]
[WhiteElo "1920"]
[BlackElo "2138"]
[Annotator "NA"]
[PlyCount "62"]
[EventDate "2018.11.14"]
[EventType "swiss"]
[EventCountry "BRA"]
[SourceTitle "playchess.com"]
[Source "ChessBase"]
[SourceQuality "1"]
[TimeControl "5400+30"]

1. Nf3 Nf6 2. c4 g6 3. g3 Bg7 4. Bg2 O-O 5. Nc3 d5 6. cxd5 Nxd5 7. O-O e5 8. Qb3 Ne7 9. d3 Nbc6 10. Bg5 h6 11. Bd2 Rb8 12. Rac1 Bg4 13. Qa4 Nd4 14. Qxa7 Bxf3 15. exf3 b5 16. Rfe1 Rb6 17. Ne4 Nec6 18. Qa3 Re8 19. b4 Qa8 20. Qb2 Ra6 21. Ra1 Qd8 22. Nc5 Ra7 23. f4 exf4 24. Rxe8+ Qxe8 25. Kh1 f3 26. Bf1 Ne2 27. Qb1 Bxa1 28. Qxa1 Qe5 29. Qb1 Qd5 30. a3 Rxa3 31. Ne4 Qd4 0-1

[Event "II Duchamp Open 2018-U2200"]
[Site "Rio de Janeiro"]
[Date "2018.11.18"]
[Round "3"]
[White "Peixoto, Rudson Marinho"]
[Black "Nascimento, Pedro Henrique Alve"]
[Result "0-1"]
[ECO "D30"]
[WhiteElo "2007"]
[BlackElo "2007"]
[Annotator "NA RC"]
[PlyCount "82"]
[EventDate "2018.11.14"]
[EventType "swiss"]
[EventCountry "BRA"]
[SourceTitle "playchess.com"]
[Source "ChessBase"]
[SourceQuality "1"]
[TimeControl "5400+30"]

1. d4 d5 2. c4 e6 3. e3 Nf6 4. Nf3 Be7 5. Bd3 O-O 6. O-O dxc4 7. Bxc4 b6 8. Nc3 Bb7 9. Re1 c5 10. e4 cxd4 11. Qxd4 Nc6 12. Qxd8 Rfxd8 13. Bg5 h6 14. Bh4 g5 15. Bg3 Nh5 16. Rad1 Nxg3 17. hxg3 Bb4 18. g4 Bxc3 19. bxc3 Kf8 20. Nd4 Ne5 21. Bb3 Rac8 22. Bxe6 Rxc3 23. Bf5 Ke7 24. Nb5 Rxd1 25. Rxd1 Rc2 26. Nxa7 Rxa2 27. Nc8+ Bxc8 28. Bxc8 Rb2 29. Rd5 f6 30. f3 b5 31. Ba6 b4 32. Rb5 Kd6 33. Bb7 Kc7 34. Bd5 Nd3 35. g3 Ne5 36. f4 gxf4 37. gxf4 Nxg4 38. Rb7+ Kd6 39. Rg7 Rb1+ 40. Kg2 Ne3+ 41. Kf3 Nxd5 0-1

[Event "II Duchamp Open 2018-U2200"]
[Site "Rio de Janeiro"]
[Date "2018.11.18"]
[Round "3"]
[White "Morais, Wagner Soares De"]
[Black "Bomfim, Carlos B Campos Roc"]
[Result "1-0"]
[ECO "E81"]
[WhiteElo "1826"]
[BlackElo "1920"]
[Annotator "NA RC"]
[PlyCount "69"]
[EventDate "2018.11.14"]
[EventType "swiss"]
[EventCountry "BRA"]
[SourceTitle "playchess.com"]
[Source "ChessBase"]
[SourceQuality "1"]
[TimeControl "5400+30"]

1. d4 Nf6 2. c4 d6 3. f3 g6 4. e4 Bg7 5. Nc3 O-O 6. Be3 Nbd7 7. Qd2 e5 8. Nge2 Nb6 9. Nc1 c6 10. Nb3 Be6 11. d5 Bd7 12. c5 cxd5 13. exd5 dxc5 14. Nxc5 Bf5 15. g4 Bc8 16. d6 Nbd7 17. N5e4 a6 18. O-O-O b5 19. Bd3 Bb7 20. h4 Rc8 21. Kb1 Qa5 22. h5 b4 23. Ne2 Nd5 24. Bh6 N5f6 25. Bxg7 Kxg7 26. hxg6 fxg6 27. Qh6+ Kf7 28. Ng5+ Ke8 29. Qg7 Nd5 30. Rxh7 Rf6 31. Rh8+ Nf8 32. Bxg6+ Kd8 33. Rxd5 Rc5 34. Qxf6+ Kd7 35. Rxc5 1-0

[Event "II Duchamp Open 2018-U2200"]
[Site "Rio de Janeiro"]
[Date "2018.11.18"]
[Round "3"]
[White "Sampaio, Andre Luiz"]
[Black "Pimentel, Rafael Favarin G."]
[Result "1/2-1/2"]
[ECO "A80"]
[WhiteElo "1700"]
[BlackElo "1886"]
[Annotator "NA RC"]
[PlyCount "28"]
[EventDate "2018.11.14"]
[EventType "swiss"]
[EventCountry "BRA"]
[SourceTitle "playchess.com"]
[Source "ChessBase"]
[SourceQuality "1"]
[TimeControl "5400+30"]

1. d4 f5 2. Nf3 Nf6 3. e3 e6 4. Be2 d5 5. O-O Bd6 6. c4 c6 7. Nc3 O-O 8. b3 Bd7 9. Bb2 Be8 10. Rc1 Nbd7 11. Qc2 Rc8 12. Rfd1 Qe7 13. h3 Bh5 14. c5 Bb8 1/2-1/2

[Event "II Duchamp Open 2018-U2200"]
[Site "Rio de Janeiro"]
[Date "2018.11.19"]
[Round "4"]
[White "Nascimento, Pedro Henrique Alve"]
[Black "Dos Santos, Rodrigo Mello"]
[Result "0-1"]
[ECO "A65"]
[WhiteElo "2007"]
[BlackElo "1965"]
[Annotator "NA RC"]
[PlyCount "108"]
[EventDate "2018.11.14"]
[EventType "swiss"]
[EventCountry "BRA"]
[SourceTitle "playchess.com"]
[Source "ChessBase"]
[SourceQuality "1"]
[TimeControl "5400+30"]

1. d4 Nf6 2. c4 c5 3. d5 e6 4. Nc3 exd5 5. cxd5 d6 6. e4 g6 7. Bd3 Bg7 8. Nge2 O-O 9. O-O a6 10. a4 Re8 11. Ng3 Nbd7 12. h3 Qc7 13. Be3 {[%emt 0:00:57] LiveBook: 15 Games A65: Modern Benoni: 6 e4} b6 (13... h5 14. Re1 Rb8 15. Qe2 h4 16. Nf1 Nh5 17. a5 Be5 18. Qg4 Bf6 19. Qe2 Be5 20. Qg4 Bf6 21. Qe2 Be5 22. Qg4 {½-½ (22) Torma,R (2499)-Colpe,M (2408) Budapest 2017}) 14. f4 Bb7 15. Qf3 $2 {[%emt 0:01:35] [#]} (15. Re1 $14 {stays ahead.}) 15... Nxd5 $1 16. Nxd5 $146 ({Not} 16. exd5 $2 {[#]} Rxe3 $1 17. Qxe3 Bd4 $19) 16... Bxd5 17. Kh1 ({Wrong is} 17. exd5 $2 Rxe3 18. Qxe3 Bd4 $19) 17... Bc6 ({Not} 17... Bxb2 18. exd5 (18. Rab1 Bd4 $17) 18... Bxa1 19. Rxa1 $11) 18. Qf2 b5 19. axb5 axb5 20. Rxa8 Rxa8 ({Don't take} 20... Bxa8 21. f5 $17) 21. e5 c4 22. Bb1 dxe5 23. f5 Rf8 24. Bd2 Qd6 25. Qe1 (25. Be3 $142) 25... Qd4 26. Bc3 Qh4 27. Kh2 Re8 28. fxg6 (28. Be4 {was necessary.} Ba8 29. Bxa8 Rxa8 30. Qe4 Qxe4 31. Nxe4) 28... hxg6 29. Bd2 Nf6 30. Qe2 Rd8 31. Be1 Qd4 32. Bc3 Qd5 33. Bc2 Re8 34. Bb4 Qd4 35. Bc3 Qh4 36. Be1 Qd4 $2 ({Black should play} 36... Qh8 $19 37. Ne4 Re6) 37. Bc3 Qc5 $2 38. Qd2 $1 $11 Qd5 (38... Qe7 39. Bb1) 39. Qe2 Qc5 (39... Qe6 $19 40. Be4 Nxe4 41. Nxe4 Qe7) 40. Ne4 $2 Nxe4 41. Bxe4 Bxe4 42. Qxe4 Qd6 43. Qb7 e4+ 44. Kh1 Qe6 45. Bxg7 Kxg7 46. Qxb5 e3 47. Qb4 Rd8 48. Qc3+ Kg8 49. Ra1 Qe4 50. Re1 Rd2 51. Rg1 Rf2 52. b4 e2 53. Qa1 {[%emt 0:03:28] [#]} Rxg2 {[%emt 0:00:42] Promotion} 54. Qe1 Rf2+ 0-1

[Event "II Duchamp Open 2018-U2200"]
[Site "Rio de Janeiro"]
[Date "2018.11.19"]
[Round "4"]
[White "Pimentel, Rafael Favarin G."]
[Black "Bomfim, Carlos B Campos Roc"]
[Result "1/2-1/2"]
[ECO "E73"]
[WhiteElo "1886"]
[BlackElo "1920"]
[Annotator "NA RC"]
[PlyCount "84"]
[EventDate "2018.11.14"]
[EventType "swiss"]
[EventCountry "BRA"]
[SourceTitle "playchess.com"]
[Source "ChessBase"]
[SourceQuality "1"]
[TimeControl "5400+30"]

1. d4 Nf6 2. c4 g6 3. Nc3 Bg7 4. e4 d6 5. Be2 Nbd7 6. Be3 {[%emt 0:01:27] LiveBook: 7 Games E73: King's Indian: Averbakh Variation without 6...c5} (6. Bg5 c5 7. d5 b5 8. cxb5 a6 9. a4 Qa5 10. Bd2 axb5 11. Bxb5 O-O 12. Nf3 Qc7 13. O-O Bb7 14. Re1 c4 {½-½ (25) Nevednichy,V (2541)-Vajda,L (2597) Medias 2016}) 6... c5 7. dxc5 $146 (7. d5 $14) ({Predecessor:} 7. Qd2 cxd4 8. Bxd4 O-O 9. Nf3 Nc5 10. Qc2 b6 11. O-O Bb7 12. e5 Be4 13. Nxe4 Nfxe4 {1-0 (35) De Wel,H (1855)-Laleman,M (1647) Limburg 2006}) 7... dxc5 8. Qa4 O-O 9. Rd1 Qb6 10. b3 Qe6 11. f3 $2 (11. Nf3 $11 {and White stays safe.}) 11... a6 $2 (11... Ng4 $1 $19 12. Nd5 Nxe3 13. Nxe3 f5) 12. Qa3 ({Better is} 12. Rc1 $11) 12... Ng4 $1 13. Nd5 Nxe3 14. Nxe3 {[%emt 0:00:01] [#]} Bc3+ ({Black should play} 14... f5 $1 $17 15. Nd5 fxe4) 15. Kf1 $1 f5 ({Black should try} 15... Bg7 $11) 16. Nd5 Be5 17. exf5 Rxf5 18. Bd3 Rf7 19. Nh3 $2 {[%emt 0:00:38] [#]} (19. h4 $11 {and White stays safe.}) 19... Rxf3+ $1 20. gxf3 Qxh3+ {[%emt 0:01:36] Double Attack} 21. Kf2 Bd4+ 22. Ne3 (22. Ke1 $142 e6 23. Ne7+ Kf7 24. Nxc8) 22... Ne5 23. Be4 Ng4+ (23... Bf5 $142 24. Bd5+ e6 25. Rxd4 exd5 26. Nxf5 cxd4 27. Nxd4 Re8) 24. Ke2 Nxe3 25. Rxd4 cxd4 26. Qxe7 Be6 27. Kd3 Bf7 28. Qxb7 Rd8 29. Qxa6 Qg2 30. Rc1 Qb2 31. Qa5 Rb8 32. Qd2 Qa3 33. Ke2 Qc5 34. Rg1 $19 Re8 35. Qd3 Re6 36. h4 Qe5 37. Rb1 Qh2+ 38. Ke1 Qg3+ 39. Kd2 Qf4 40. Ke2 Qh2+ 41. Ke1 Ng2+ 42. Kd1 Ne3+ 1/2-1/2

[Event "II Duchamp Open 2018-U2200"]
[Site "Rio de Janeiro"]
[Date "2018.11.19"]
[Round "4"]
[White "Sampaio, Andre Luiz"]
[Black "Peixoto, Rudson Marinho"]
[Result "1-0"]
[ECO "D05"]
[WhiteElo "1700"]
[BlackElo "2007"]
[Annotator "NA RC"]
[PlyCount "33"]
[EventDate "2018.11.14"]
[EventType "swiss"]
[EventCountry "BRA"]
[SourceTitle "playchess.com"]
[Source "ChessBase"]
[SourceQuality "1"]
[TimeControl "5400+30"]

1. Nf3 d5 2. d4 Nf6 3. e3 e6 4. Bd3 Be7 5. O-O O-O 6. Nbd2 c5 7. c3 b6 8. Qe2 Bb7 9. dxc5 {[%emt 0:02:13] LiveBook: 5 Games} Bxc5 10. e4 {[%emt 0:01:11] D05: Colle System with ...e6} dxe4 11. Nxe4 Nxe4 12. Bxe4 Bxe4 13. Qxe4 Nd7 14. Bg5 Be7 (14... Nf6 15. Qe5 Qe7 16. Rad1 Rfd8 17. Qe2 Qc7 {½-½ (90) Rodrigues,E (2303)-Proudian,A (2354) Pocos de Caldas 2014}) 15. Rad1 Qe8 $146 {[%emt 0:03:30] [#]} ({Predecessor:} 15... Bxg5 $11 16. Nxg5 Qxg5 17. Rxd7 g6 (17... Rfd8 18. Rfd1 g6 19. g3 Qf6 20. R1d3 Qg5 21. Kg2 Rf8 22. Qd4 Qa5 {½-½ (22) Nachtkamp,H (2091)-Medunova,V (2216) Seefeld 1999})) 16. Bxe7 $1 Qxe7 17. Ra1 $11 (17. Qb7 $18 Rfd8 {[#]} 18. Ne5 $1 {[%mdl 576] Pin}) 1-0

[Event "II Duchamp Open 2018-U2200"]
[Site "Rio de Janeiro"]
[Date "2018.11.20"]
[Round "5"]
[White "Peixoto, Rudson Marinho"]
[Black "Pimentel, Rafael Favarin G."]
[Result "0-1"]
[ECO "B44"]
[WhiteElo "2007"]
[BlackElo "1886"]
[Annotator "NA RC"]
[PlyCount "86"]
[EventDate "2018.11.14"]
[EventType "swiss"]
[EventCountry "BRA"]
[SourceTitle "playchess.com"]
[Source "ChessBase"]
[SourceQuality "1"]
[TimeControl "5400+30"]

1. e4 c5 2. Nf3 Nc6 3. d4 cxd4 4. Nxd4 e6 5. Nxc6 bxc6 6. Bd3 d5 7. O-O Bd6 {[%emt 0:01:48] LiveBook: 3 Games B44: Sicilian: Taimanov: 5 Nb5} (7... Nf6 8. Nd2 Be7 9. Re1 Bb7 10. e5 Nd7 11. b3 a5 12. Qg4 g6 13. Nf3 a4 14. Bh6 Qa5 15. Bd2 Qa7 16. b4 c5 17. a3 {1-0 (59) Battulga,N (2421)-Van Wely,L (2642) Batumi 2018}) 8. Qe2 Qc7 9. g3 $146 ({Predecessor:} 9. h3 Nf6 10. Nd2 Bd7 11. Re1 e5 12. Nf3 O-O 13. Bg5 dxe4 14. Bxe4 Nxe4 15. Qxe4 {0-1 (32) Cambando,J (2077)-Chipanga,C (2048) Windhoek 2014}) 9... Ne7 10. exd5 cxd5 11. Nc3 {[%emt 0:00:28] [#]} a6 $1 12. Re1 O-O 13. Qh5 (13. Na4 $142) 13... Ng6 14. Bd2 Rb8 15. Rab1 Bb7 (15... f5 $17 16. Ne2 e5) 16. a3 e5 17. Qe2 (17. Bf5 $17) 17... Qc6 18. Bf5 (18. f3 {is a better defense.}) 18... Ne7 ({Worse is} 18... d4 19. Be4 $11) 19. Qg4 Nxf5 ({Don't play} 19... d4 20. Ne4 $17) 20. Qxf5 Bc8 ({Much less strong is} 20... d4 21. Ne4) (20... Rfe8 $19 {is more deadly.} 21. b4 f6) 21. Qd3 Be6 22. b4 d4 23. Ne4 Bc4 24. Qf3 Bd5 25. Qd3 {[%emt 0:00:25] [#]} Bxe4 (25... Be7 $1 $17 26. g4 f5) 26. Rxe4 Rfc8 27. Rc1 f5 (27... Qc4 $11) 28. Ree1 Qc4 29. Qxf5 Rf8 30. Qd7 (30. Qe4 $16) 30... Rbd8 (30... Rf6 $11 {keeps the balance.}) 31. Qb7 Rf7 32. Qe4 Rdf8 (32... Rc8 $14) 33. Re2 Qa2 34. Qc6 (34. Qd3 $16) 34... Bb8 (34... Rf6 $1 $14) 35. Qxa6 e4 (35... Ra7 $16 {might work better.} 36. Qc6 Qxa3) 36. Qc6 ({White should try} 36. a4 $18) 36... d3 37. Rxe4 Rxf2 38. Re8 Ba7 39. Be3 Bxe3 40. Rxe3 d2 41. Rd1 $19 Rf1+ 42. Rxf1 Rxf1+ 43. Kxf1 d1=Q+ 0-1

[Event "II Duchamp Open 2018-U2200"]
[Site "Rio de Janeiro"]
[Date "2018.11.20"]
[Round "5"]
[White "Bomfim, Carlos B Campos Roc"]
[Black "Nascimento, Pedro Henrique Alve"]
[Result "0-1"]
[ECO "A08"]
[WhiteElo "1920"]
[BlackElo "2007"]
[Annotator "NA RC"]
[PlyCount "54"]
[EventDate "2018.11.14"]
[EventType "swiss"]
[EventCountry "BRA"]
[SourceTitle "playchess.com"]
[Source "ChessBase"]
[SourceQuality "1"]
[TimeControl "5400+30"]

1. Nf3 d5 2. g3 c5 3. Bg2 Nc6 4. d4 e6 5. O-O Nf6 6. c3 (6. c4 $5) 6... Be7 {[%emt 0:00:24] LiveBook: 99 Games} 7. Be3 {[%emt 0:02:11] D02: 1 d4 d5 2 Nf3 sidelines, including 2...Nf6 3 g3 and 2...Nf6 3 Bf4} (7. a3 O-O 8. b4 b6 9. Nbd2 Bb7 10. Rb1 Qc7 11. Nb3 Ne4 12. Qc2 c4 13. Nbd2 f5 14. Nxe4 fxe4 15. Ng5 Bc8 16. f3 Qd8 17. h4 h6 {1-0 (36) Pechac,J (2431)-Navara,D (2737) Slovakia 2017}) 7... Qb6 8. Qc2 $146 ({Predecessor:} 8. Qb3 O-O 9. Qxb6 axb6 10. Rd1 Bd6 11. b3 Ne4 12. a3 Ne7 13. Ng5 Nxg5 14. Bxg5 f6 {0-1 (73) Santos,S-Valverde Toresano,A UECC email 1999}) 8... O-O 9. Nbd2 Ng4 10. Ng5 g6 11. Nh3 cxd4 12. cxd4 Nxd4 13. Bxd4 Qxd4 14. e3 Qb6 15. Nf4 Bd7 16. Nf3 Bf6 17. Rab1 Rac8 18. Qd1 Nh6 19. h3 Rc7 20. g4 Bg7 21. Re1 Bb5 (21... Rfc8 $19 22. Nd4 Kh8) 22. Bf1 (22. Nd4 $17) 22... Bxf1 23. Kxf1 Qa6+ 24. Nd3 $2 (24. Kg2 $17) 24... e5 25. Kg1 e4 {[%emt 0:01:16] Double Attack} 26. Nb4 Qa5 27. Nxd5 Rd8 $19 ({Not} 27... exf3 28. b4 $16) 0-1